[Event "AI Cup Div-3 2023"]
[Site "Online"]
[Date "2023.09.25"]
[Round "51.1"]
[White "Vokhidov, Shamsiddin"]
[Black "Beerdsen, Thomas"]
[Result "0-1"]
[Annotator "ChessBase"]
[ECO "C63"]
[WhiteElo "2578"]
[BlackElo "2511"]
[PlyCount "122"]
[EventDate "2023.09.18"]
[EventType "k.o."]
[EventCountry "NET"]
[SourceTitle "playchess.com"]
[Source "ChessBase"]
[SourceQuality "1"]
[TimeControl "900+3"]

1. e4 e5 2. Nf3 Nc6 3. Bb5 f5 4. Nc3 fxe4 5. Nxe4 Nf6 6. Qe2 d5 7. Nxf6+ gxf6 8. d4 Bg7 9. dxe5 O-O 10. e6 Ne5 11. Nd4 f5 12. Bf4 Ng6 13. e7 Qxe7 14. Qxe7 Nxe7 15. O-O-O c6 16. Bd6 Rf7 17. Rhe1 Bf6 18. Be2 Bd7 19. Bh5 Ng6 20. Ne6 Re8 21. Nc5 Rxe1 22. Rxe1 b6 23. Nxd7 Rxd7 24. Bb8 Kf7 25. g3 a5 26. a4 Rb7 27. Bf4 b5 28. axb5 Rxb5 29. c3 d4 30. Be2 dxc3 31. Bxb5 cxb2+ 32. Kc2 cxb5 33. Bc7 a4 34. Bd6 Ne7 35. Bxe7 Bxe7 36. Kxb2 b4 37. f3 h5 38. Ka2 Bf6 39. h3 Bc3 40. Re3 Kf6 41. Re8 Kf7 42. Ra8 a3 43. Ra6 Be1 44. Kb3 Bc3 45. Rh6 Be1 46. Rxh5 Bxg3 47. Rxf5+ Kg6 48. Rd5 Be1 49. f4 Kf6 50. Rd1 Bc3 51. Rd5 Be1 52. Rc5 Bd2 53. f5 Be1 54. Rc1 Bd2 55. Rf1 Bc3 56. h4 Be5 57. Rf3 Bd4 58. Rf4 Bc3 59. Rf3 Bd4 60. Rf1 Be5 61. Ka2 Bc3 0-1

[Event "AI Cup Div-3 2023"]
[Site "Online"]
[Date "2023.09.25"]
[Round "51.1"]
[White "Asadli, Vugar"]
[Black "Guseinov, Gadir"]
[Result "1/2-1/2"]
[Annotator "ChessBase"]
[ECO "B45"]
[WhiteElo "2563"]
[BlackElo "2636"]
[PlyCount "43"]
[EventDate "2023.09.18"]
[EventType "k.o."]
[EventCountry "NET"]
[SourceTitle "playchess.com"]
[Source "ChessBase"]
[SourceQuality "1"]
[TimeControl "900+3"]

1. e4 c5 2. Nf3 e6 3. d4 cxd4 4. Nxd4 Nf6 5. Nc3 Nc6 6. Nxc6 bxc6 7. e5 Nd5 8. Ne4 Qc7 9. f4 Qb6 10. c4 Ne3 11. Qd3 Bb4+ 12. Bd2 Ba6 13. Bxb4 Qxb4+ 14. Kf2 Qxb2+ 15. Be2 Nxc4 16. Rab1 Nxe5 17. fxe5 Qxe5 18. Qxa6 Qxe4 19. Rhd1 O-O 20. Bf3 Qf5 21. Kg1 Rfc8 22. Rb7 1/2-1/2

[Event "AI Cup Div-3 2023"]
[Site "Online"]
[Date "2023.09.25"]
[Round "51.2"]
[White "Maghsoodloo, Parham"]
[Black "Demchenko, Anton"]
[Result "0-1"]
[Annotator "TA"]
[ECO "A54"]
[WhiteElo "2707"]
[BlackElo "2608"]
[PlyCount "96"]
[EventDate "2023.09.18"]
[EventType "k.o."]
[EventCountry "NET"]
[SourceTitle "playchess.com"]
[Source "ChessBase"]
[SourceQuality "1"]
[TimeControl "900+3"]

1. d4 Nf6 2. c4 d6 3. Nc3 e5 4. Nf3 Nc6 5. d5 Ne7 6. e4 Ng6 {[%emt 0:00:00] 6...Ng6 scores better than 6...g6.} 7. h3 {[%emt 0:00:10] A54: Old Indian Defence with Nf3, but without e4.} Be7 8. Be3 O-O 9. g3 {[%emt 0:00:05] White is slightly better.} c6 {[%emt 0:00:11] [#]} 10. Bg2 $146 ({Predecessor:} 10. Bd3 Bd7 11. Kf1 cxd5 12. cxd5 b5 13. Kg2 b4 14. Nb1 Qb8 15. Nbd2 Bd8 16. Nc4 {0-1 Gretarsson,H (2401)-Demchenko,A (2641) EU-ch Online 2300+ Qual 2020 (2)}) 10... cxd5 11. cxd5 b5 12. a3 ({Reject} 12. Nxb5 Qa5+ 13. Nc3 Nxe4 $17) (12. Nd2 $5 ) 12... Bd7 13. O-O Qb8 14. Qb3 a5 15. Nd2 Rc8 16. Rfc1 Bd8 17. Bf1 a4 18. Qd1 Bb6 19. Qf3 Bxe3 20. Qxe3 b4 (20... h5 $11) 21. Na2 $16 ({Don't play} 21. axb4 $6 Qxb4 22. Rc2 Qd4 $11) 21... bxa3 22. bxa3 Rxc1 23. Rxc1 h5 24. Nb4 h4 25. Nc4 hxg3 26. fxg3 Ne7 {[%emt 0:01:20] Repels Nc6} 27. g4 Bb5 28. Nb6 Ra5 29. Nc6 Bxc6 30. dxc6 Qc7 31. Rc4 d5 (31... Rb5 {simplifies} 32. Nxa4 Nxc6 33. Kg2 Qb7) 32. exd5 Nfxd5 33. Nxd5 Rxd5 34. Bg2 Rd1+ 35. Kf2 Rd6 36. Be4 Nd5 37. Qc5 Nf6 38. Bf5 {[%emt 0:00:39] [#]} (38. Qxe5 $2 {perishes.} Rd2+ 39. Ke3 Qxe5 $19) (38. Rxa4 $11 {remains equal.} Nxe4+ 39. Rxe4) 38... e4 $1 $17 39. Ke1 {[%emt 0:01:32][%mdl 8192] Inhibits Rd2. Now White is beyond hope.} (39. Bxe4 $17 {was the crucial defense.} Rd2+ 40. Ke1) 39... Rd3 {[%emt 0:00:07] aiming for ...Qh2.} 40. Qf2 {[%emt 0:00:06] Prevents Qh2} (40. Rxa4 $142 Rd8 41. Qe3) 40... Rxa3 $19 {[%emt 0:00:17] ...Ra1+ is the strong threat.} 41. Rc1 {[%emt 0:00:07] Inhibits Ra1.} g6 {[%emt 0:00:04][%cal Oa3h3] Strongly threatening ...Rxh3!} 42. g5 Nd5 (42... Rf3 $142 43. Qe2 Qg3+ 44. Kd1 Rxf5) 43. Bg4 Nf4 (43... e3 $142 44. Qf3 Nf4 45. Rd1 Qa5+ 46. Kf1 e2+ {[%mdl 64] Discovered Attack} 47. Qxe2 Nxe2 48. Bxe2 Qxg5 49. Rd3 Qf4+ 50. Rf3 Rxf3+ 51. Bxf3 Qxf3+ 52. Kg1 Qxc6 53. Kf2 a3 54. h4 a2 55. h5 Qc3 56. hxg6 fxg6 57. Kg2 a1=Q 58. Kh2 Qab2+ 59. Kh1 Qe1#) 44. Kf1 Nd3 {[%emt 0:00:01] Black mates.} 45. Qe3 Ra2 46. Rb1 Qh2 47. Be2 {[%emt 0:00:04] [#]} Rxe2 $1 {[%emt 0:00:05][%csl Ge2][%cal Rh2g2][%mdl 576] Back Rank} 48. Rb8+ Kh7 {[%emt 0:00:00] A cool game by Demchenko.   Weighted Error Value: White=1.00/Black=0.33} 0-1

[Event "AI Cup Div-3 2023"]
[Site "Online"]
[Date "2023.09.25"]
[Round "51.2"]
[White "Yilmaz, Mustafa"]
[Black "Radjabov, Teimour"]
[Result "1/2-1/2"]
[Annotator "TA"]
[ECO "E06"]
[WhiteElo "2640"]
[BlackElo "2745"]
[PlyCount "142"]
[EventDate "2023.09.18"]
[EventType "k.o."]
[EventCountry "NET"]
[SourceTitle "playchess.com"]
[Source "ChessBase"]
[SourceQuality "1"]
[TimeControl "900+3"]

1. c4 Nf6 2. g3 e6 3. Bg2 d5 4. Nf3 Be7 5. d4 O-O 6. Nc3 dxc4 7. Ne5 c5 8. dxc5 Qxd1+ 9. Nxd1 Bxc5 10. O-O Nc6 {[%emt 0:00:05] E06: Closed Catalan: Early deviations.} 11. Bxc6 bxc6 12. Be3 Bb6 13. Bxb6 axb6 14. Nxc6 Bb7 15. Nb4 {[%emt 0:00:01] [#] White is weak on the light squares} Rfc8 $146 ({Predecessor:} 15... Nd5 16. Nxd5 Bxd5 17. Nc3 Bc6 18. Rfd1 Rfd8 19. f3 Kf8 20. Kf2 Ke7 21. Rxd8 Rxd8 {½-½ Goryachkina,A (2578)-Ju,W (2584) World-ch (Women) 2020 (1)}) 16. Nc3 Kf8 17. f3 Ke7 18. Rfd1 g5 19. Kf2 (19. Rd4 $5 ) 19... g4 20. Rd4 h5 21. Rad1 gxf3 22. exf3 Rab8 23. Rh4 Rc5 24. Rdd4 b5 25. a3 Rg8 26. Rd2 Rgg5 27. Nc2 e5 {[%emt 0:00:36] Repels Nd4} (27... Rgf5 $11 {keeps the balance.}) 28. Ne3 $16 Rg8 29. h3 {[%emt 0:01:52] Hoping for Nf5+. White is more active.} Bc8 {[%emt 0:05:55] Dodges Nf5+} 30. Ned5+ Nxd5 31. Rxd5 (31. Nxd5+ $16 Ke6 32. Nc3) 31... Rxd5 $14 {[%emt 0:00:05][%mdl 64] [#] Remove Defender} 32. Nxd5+ $16 {[%emt 0:00:00][%mdl 4096] Endgame KRB-KRN} Ke6 33. Nc7+ Kf6 34. Nxb5 Be6 35. Nc3 (35. a4 $5 ) 35... Rb8 36. Nd1 Kg6 37. Re4 f6 38. h4 c3 39. bxc3 Rb1 40. Ne3 Rb2+ 41. Ke1 {[%emt 0:00:02] Rb4 would be deadly.} Rb3 42. Ra4 Rxc3 43. Kd2 Rb3 44. Ra6 Rb2+ 45. Kd3 (45. Kc3 $5 Rb3+ $8 46. Kd2 Rb2+ 47. Kd1 $11) 45... Rb3+ 46. Ke4 Bc8 47. Ra5 (47. Rd6 $11) 47... Bb7+ $19 48. Nd5 {[%emt 0:00:01] [#]} Bxd5+ $2 ({Better is} 48... Kf7 $1 $19 {[%cal Rf7e6] And now ...Ke6 would win.} 49. Kf5 Rxf3+ 50. Ke4 Rxg3) 49. Rxd5 $11 {[%emt 0:00:09] The position is equal.} Rxa3 $19 {[%emt 0:00:01] KR-KR} 50. Rd3 Ra4+ 51. Ke3 Ra1 52. Rd8 Ra3+ 53. Rd3 Ra1 54. Rb3 Rg1 55. Kf2 Rc1 56. Rb2 Rc3 57. Re2 Ra3 58. Rd2 Rb3 59. Rd8 Rb2+ 60. Kf1 Rb1+ 61. Kf2 Rb2+ 62. Ke3 Rb3+ 63. Rd3 Rxd3+ 64. Kxd3 $11 {[%emt 0:00:03] K3P-K3P} f5 65. Kc4 Kf7 66. Kc3 Ke7 67. Kc4 Kd6 68. Kd3 Ke6 69. Kc4 Kd6 70. Kd3 Ke6 71. Kc4 Kd6 {[%emt 0:00:01] Weighted Error Value: White=0.17 (very precise) /Black=0.13 (very precise)} 1/2-1/2

[Event "AI Cup Div-3 2023"]
[Site "Online"]
[Date "2023.09.25"]
[Round "51.2"]
[White "Guseinov, Gadir"]
[Black "Asadli, Vugar"]
[Result "1-0"]
[Annotator "ChessBase"]
[ECO "B30"]
[WhiteElo "2636"]
[BlackElo "2563"]
[PlyCount "79"]
[EventDate "2023.09.18"]
[EventType "k.o."]
[EventCountry "NET"]
[SourceTitle "playchess.com"]
[Source "ChessBase"]
[SourceQuality "1"]
[TimeControl "900+3"]

1. e4 c5 2. Nc3 Nc6 3. Nf3 e5 4. Bc4 d6 5. d3 Be7 6. O-O Nf6 7. Ng5 O-O 8. f4 exf4 9. Bxf4 h6 10. Nf3 Be6 11. Nd5 Bxd5 12. Bxd5 Nxd5 13. exd5 Nb8 14. Qe1 Kh7 15. Qe4+ f5 16. Qe2 g5 17. Rae1 Bf6 18. Bc1 Nd7 19. Qe6 Bg7 20. Qxd6 g4 21. Nh4 Qxh4 22. Qxd7 Rad8 23. Qxb7 Kh8 24. Bf4 Rfe8 25. Re6 Rxe6 26. dxe6 Re8 27. Qd5 Qf6 28. Re1 Qxb2 29. Be5 Bxe5 30. Qxe5+ Qxe5 31. Rxe5 f4 32. Kf2 Kg7 33. Re4 h5 34. h3 Kg6 35. hxg4 hxg4 36. Rxf4 Rxe6 37. Rxg4+ Kf5 38. Ra4 Rb6 39. Ke3 Rb2 40. Kd2 1-0

[Event "AI Cup Div-3 2023"]
[Site "Online"]
[Date "2023.09.25"]
[Round "51.2"]
[White "Sargsyan, Shant"]
[Black "Kravtsiv, Martyn"]
[Result "1/2-1/2"]
[Annotator "ChessBase"]
[ECO "C47"]
[WhiteElo "2631"]
[BlackElo "2598"]
[PlyCount "27"]
[EventDate "2023.09.18"]
[EventType "k.o."]
[EventCountry "NET"]
[SourceTitle "playchess.com"]
[Source "ChessBase"]
[SourceQuality "1"]
[TimeControl "900+3"]

1. e4 e5 2. Nf3 Nc6 3. Nc3 Nf6 4. d4 exd4 5. Nxd4 Bb4 6. Nxc6 bxc6 7. Bd3 O-O 8. O-O d5 9. exd5 cxd5 10. Qf3 c6 11. Bg5 Bd6 12. Bxf6 Qxf6 13. Qxf6 gxf6 14. Rad1 1/2-1/2

[Event "AI Cup Div-3 2023"]
[Site "Online"]
[Date "2023.09.25"]
[Round "51.2"]
[White "Kovalev, Vladislav"]
[Black "Makarian, Rudik"]
[Result "1-0"]
[Annotator "ChessBase"]
[ECO "C67"]
[WhiteElo "2582"]
[BlackElo "2548"]
[PlyCount "91"]
[EventDate "2023.09.18"]
[EventType "k.o."]
[EventCountry "NET"]
[SourceTitle "playchess.com"]
[Source "ChessBase"]
[SourceQuality "1"]
[TimeControl "900+3"]

1. e4 e5 2. Nf3 Nc6 3. Bb5 Nf6 4. O-O Nxe4 5. Re1 Nd6 6. Nxe5 Be7 7. Bf1 Nxe5 8. Rxe5 O-O 9. d4 Bf6 10. Re1 Re8 11. c3 Rxe1 12. Qxe1 Ne8 13. a4 a5 14. d5 d6 15. Nd2 Bf5 16. Ne4 Bxe4 17. Qxe4 g6 18. Bb5 Ng7 19. Bd2 Qe7 20. Qc4 g5 21. Re1 Be5 22. g3 Qd8 23. Qg4 h6 24. f4 f5 25. Qh3 gxf4 26. gxf4 Bf6 27. Qxh6 Kf7 28. Re3 Qh8 29. Qxh8 Rxh8 30. Kg2 Rh4 31. Rh3 Rg4+ 32. Rg3 Rh4 33. Rh3 Rg4+ 34. Kf1 Kg6 35. Rh8 Rh4 36. Rxh4 Bxh4 37. b4 axb4 38. cxb4 Bf6 39. Ke2 Bd4 40. Kd3 Bg1 41. a5 Kf7 42. Bd7 Bxh2 43. b5 Ke7 44. a6 bxa6 45. bxa6 Bg1 46. Be3 1-0

[Event "AI Cup Div-3 2023"]
[Site "Online"]
[Date "2023.09.25"]
[Round "51.2"]
[White "Le, Tuan Minh"]
[Black "Matlakov, Maxim"]
[Result "1/2-1/2"]
[Annotator "ChessBase"]
[ECO "D14"]
[WhiteElo "2559"]
[BlackElo "2674"]
[PlyCount "35"]
[EventDate "2023.09.18"]
[EventType "k.o."]
[EventCountry "NET"]
[SourceTitle "playchess.com"]
[Source "ChessBase"]
[SourceQuality "1"]
[TimeControl "900+3"]

1. d4 d5 2. Nf3 Nf6 3. Bf4 c5 4. c3 cxd4 5. cxd4 Nc6 6. Nc3 a6 7. e3 Bf5 8. Bd3 Bxd3 9. Qxd3 e6 10. O-O Be7 11. Rfc1 O-O 12. Ne5 Nxe5 13. Bxe5 Nd7 14. Bg3 Rc8 15. Ne2 Qa5 16. h3 h6 17. a3 b5 18. Rc2 1/2-1/2

[Event "AI Cup Div-3 2023"]
[Site "Online"]
[Date "2023.09.25"]
[Round "51.2"]
[White "Kobo, Ori"]
[Black "Chigaev, Maksim"]
[Result "1/2-1/2"]
[Annotator "ChessBase"]
[ECO "C84"]
[WhiteElo "2551"]
[BlackElo "2615"]
[PlyCount "120"]
[EventDate "2023.09.18"]
[EventType "k.o."]
[EventCountry "NET"]
[SourceTitle "playchess.com"]
[Source "ChessBase"]
[SourceQuality "1"]
[TimeControl "900+3"]

1. e4 e5 2. Nf3 Nc6 3. Bb5 a6 4. Ba4 Nf6 5. O-O Be7 6. d3 d6 7. c3 O-O 8. Re1 Re8 9. h3 h6 10. Nbd2 Bf8 11. Nf1 b5 12. Bc2 d5 13. exd5 Qxd5 14. a4 Bb7 15. Ng3 b4 16. a5 Rad8 17. Qe2 b3 18. Bb1 Qb5 19. Bd2 Bc8 20. Qf1 Be6 21. Be3 Qb7 22. Ne4 Be7 23. Nc5 Bxc5 24. Bxc5 Bf5 25. d4 Bxb1 26. Raxb1 exd4 27. Nxd4 Nxa5 28. Be7 Rxd4 29. cxd4 Nd5 30. Bc5 Rxe1 31. Rxe1 Qb5 32. Ra1 Qxf1+ 33. Kxf1 Nc4 34. Rxa6 Nxb2 35. Ra8+ Kh7 36. Rb8 Nc4 37. Ke2 b2 38. Kd3 Ndb6 39. Kc2 Na4 40. Rb7 Kg6 41. Bb4 c6 42. Rc7 Kf5 43. Rxc6 Nab6 44. f3 f6 45. Bc5 Nd5 46. Bf8 g5 47. g4+ Kf4 48. Rxc4 Ne3+ 49. Kxb2 Nxc4+ 50. Kc3 Ne3 51. Bxh6 Kxf3 52. Kd3 Nd5 53. Kc4 Ke4 54. Bg7 f5 55. gxf5 Ne3+ 56. Kc5 Nxf5 57. Bf6 g4 58. hxg4 Nxd4 59. Bxd4 Kf4 60. g5 Kxg5 1/2-1/2

[Event "AI Cup Div-3 2023"]
[Site "Online"]
[Date "2023.09.25"]
[Round "51.2"]
[White "Beerdsen, Thomas"]
[Black "Vokhidov, Shamsiddin"]
[Result "0-1"]
[Annotator "ChessBase"]
[ECO "B50"]
[WhiteElo "2511"]
[BlackElo "2578"]
[PlyCount "82"]
[EventDate "2023.09.18"]
[EventType "k.o."]
[EventCountry "NET"]
[SourceTitle "playchess.com"]
[Source "ChessBase"]
[SourceQuality "1"]
[TimeControl "900+3"]

1. e4 c5 2. Nf3 d6 3. Nc3 Nf6 4. e5 dxe5 5. Nxe5 a6 6. Qe2 b5 7. a4 b4 8. Qf3 Ra7 9. Bc4 e6 10. Ne2 Bb7 11. Qh3 Qc7 12. f4 Bd6 13. O-O O-O 14. Ng4 Nxg4 15. Qxg4 Nc6 16. d3 Na5 17. Ba2 b3 18. cxb3 Bd5 19. Be3 Rb7 20. Rac1 Nxb3 21. Rc2 Rb4 22. Nc3 Bc6 23. Qh5 Nd4 24. Rcf2 g6 25. Qd1 Rd8 26. Bc4 Qb7 27. Bc1 Be7 28. Qe1 Bh4 29. Qe5 Bxf2+ 30. Rxf2 Bxg2 31. Qf6 Rd7 32. Rxg2 Nf3+ 33. Kf1 Ne1 34. Rf2 Nxd3 35. Bxd3 Qh1+ 36. Ke2 Qxc1 37. Ne4 Rxd3 38. Kxd3 Qc4+ 39. Kd2 Qxe4 40. f5 Rd4+ 41. Kc3 Qd3# 0-1

[Event "AI Cup Div-3 2023"]
[Site "Online"]
[Date "2023.09.25"]
[Round "51.3"]
[White "Beerdsen, Thomas"]
[Black "Vokhidov, Shamsiddin"]
[Result "1-0"]
[Annotator "ChessBase"]
[ECO "C52"]
[WhiteElo "2511"]
[BlackElo "2578"]
[PlyCount "59"]
[EventDate "2023.09.18"]
[EventType "k.o."]
[EventCountry "NET"]
[SourceTitle "playchess.com"]
[Source "ChessBase"]
[SourceQuality "1"]
[TimeControl "900+3"]

1. e4 e5 2. Nf3 Nc6 3. Bc4 Bc5 4. b4 Bxb4 5. c3 Ba5 6. d4 d6 7. Qb3 Qd7 8. O-O Bb6 9. Nbd2 Na5 10. Qc2 Nxc4 11. Nxc4 Qc6 12. Nxb6 axb6 13. dxe5 dxe5 14. Nxe5 Qa4 15. Qd3 Nf6 16. Qg3 O-O 17. Bh6 Nh5 18. Qf3 Nf6 19. Qg3 Nh5 20. Qh4 gxh6 21. Qxh5 Ra5 22. f4 f6 23. Rf3 fxe5 24. Rg3+ Kh8 25. Qxh6 Rf7 26. Qg5 Qe8 27. Rd1 Rxa2 28. Qxe5+ Qxe5 29. Rd8+ Rf8 30. Rxf8# 1-0

[Event "AI Cup Div-3 2023"]
[Site "Online"]
[Date "2023.09.26"]
[Round "52.1"]
[White "Kramnik, Vladimir"]
[Black "Matlakov, Maxim"]
[Result "1-0"]
[Annotator "TA"]
[ECO "B90"]
[WhiteElo "2753"]
[BlackElo "2674"]
[PlyCount "57"]
[EventDate "2023.09.18"]
[EventType "k.o."]
[EventCountry "NET"]
[SourceTitle "playchess.com"]
[Source "ChessBase"]
[SourceQuality "1"]
[TimeControl "900+3"]

1. e4 c5 2. Nf3 d6 3. d4 cxd4 4. Nxd4 Nf6 5. Nc3 a6 6. Be3 e5 7. Nb3 Be7 8. h3 {[%emt 0:00:01] B90: Sicilian Najdorf: Unusual White 6th moves, 6 Be3 Ng4 and 6 Be3 e5.} Be6 9. Qf3 Nbd7 10. O-O-O {[%emt 0:00:33] The position is equal.} Rc8 11. Nd5 Bxd5 {[%emt 0:00:14][%mdl 64] Remove Defender} 12. exd5 Qc7 13. c3 {[%emt 0:00:01] Active counter play!} Nb6 14. Kb1 {[%emt 0:00:12] [#]} Nc4 $146 ({Predecessor:} 14... O-O 15. g4 e4 16. Qe2 Nfxd5 17. Bd4 Qc6 18. Ka1 Nf4 19. Qe3 Nbd5 20. Qxe4 Rfe8 {1-0 Bartalini,C (2310)-Secchi,D (2403) WS MN/140 email 2016}) 15. Bc1 b5 16. g4 O-O 17. g5 Nd7 18. Bd3 a5 19. Rhg1 Ndb6 {[%emt 0:02:51] [#]} 20. Bxh7+ $2 Kxh7 $19 21. Qh5+ Kg8 22. Rg4 {[%emt 0:00:01] [#] White threatens Rh4 and mate.} Qd7 $1 23. Rh4 Qf5+ 24. Ka1 f6 (24... Qxf2 $2 25. Qh8#) 25. Rg1 {[%emt 0:00:02] gxf6 would be deadly.} Nxd5 (25... fxg5 $19 26. Bxg5 Nxd5 27. Bxe7 Qxh5 28. Rxh5 Nxe7) 26. gxf6 $40 {[%emt 0:00:42][%mdl 192] Discovered Attack, Deflection. White attacks with force.} Qxf6 27. Qh7+ Kf7 28. Rh6 Qxf2 $2 (28... a4 $18) 29. Qg6+ {[%emt 0:00:04] White used his chance. Excellently played by Kramnik!   Weighted Error Value: White=0.58/Black=0.61} 1-0

[Event "AI Cup Div-3 2023"]
[Site "Online"]
[Date "2023.09.26"]
[Round "52.1"]
[White "Esipenko, Andrey"]
[Black "Kravtsiv, Martyn"]
[Result "1/2-1/2"]
[Annotator "ChessBase"]
[ECO "D36"]
[WhiteElo "2683"]
[BlackElo "2598"]
[PlyCount "86"]
[EventDate "2023.09.18"]
[EventType "k.o."]
[EventCountry "NET"]
[SourceTitle "playchess.com"]
[Source "ChessBase"]
[SourceQuality "1"]
[TimeControl "900+3"]

1. d4 d5 2. c4 e6 3. Nc3 Nf6 4. cxd5 exd5 5. Bg5 c6 6. Qc2 Be7 7. e3 Nbd7 8. Bd3 Nh5 9. h4 g6 10. Nf3 Nb6 11. Ne5 Be6 12. g4 Nf6 13. h5 Rg8 14. hxg6 hxg6 15. Rg1 Nfd7 16. Bxe7 Qxe7 17. O-O-O O-O-O 18. f4 Nxe5 19. dxe5 d4 20. exd4 Rxd4 21. Be4 Rxd1+ 22. Qxd1 Qc5 23. Kb1 Nc4 24. Qc1 Rd8 25. Ka1 Ne3 26. Bf3 Kb8 27. Be2 Nc2+ 28. Kb1 Nd4 29. Qe3 Qa5 30. Bd3 Nb5 31. Bxb5 cxb5 32. b3 a6 33. Ne4 Rh8 34. Qg3 Bxg4 35. Qxg4 Rh2 36. Rg2 Qe1+ 37. Kb2 Rh1 38. Rc2 Qxe4 39. Qc8+ Ka7 40. Qc5+ Ka8 41. Qc8+ Ka7 42. Qc5+ Ka8 43. Qc8+ Ka7 1/2-1/2

[Event "AI Cup Div-3 2023"]
[Site "Online"]
[Date "2023.09.26"]
[Round "52.1"]
[White "Malakhov, Vladimir"]
[Black "Radjabov, Teimour"]
[Result "0-1"]
[Annotator "TA"]
[ECO "D78"]
[WhiteElo "2646"]
[BlackElo "2745"]
[PlyCount "82"]
[EventDate "2023.09.18"]
[EventType "k.o."]
[EventCountry "NET"]
[SourceTitle "playchess.com"]
[Source "ChessBase"]
[SourceQuality "1"]
[TimeControl "900+3"]

1. Nf3 Nf6 2. g3 g6 3. c4 Bg7 4. Bg2 c6 5. O-O O-O 6. d4 d5 7. Qb3 Qb6 8. Nc3 Rd8 9. Bd2 {[%emt 0:00:42] D78: Fianchetto Grünfeld: 6 0-0 c6.} dxc4 10. Qxc4 Be6 {[%emt 0:00:01] Repels e4} 11. Qa4 {[%emt 0:01:06] The position is equal.} Na6 12. e4 Bg4 {[%emt 0:00:13] Hoping for ...Bxf3.} (12... Qxb2 $2 13. Rfb1 $18) 13. Be3 {[%emt 0:00:11] [#]} Nd7 $146 (13... Qxb2 14. Rfc1 Qb6 15. Ne5 $16) ({Predecessor:} 13... Qxb2 14. Rfc1 Qb4 15. Qxb4 Nxb4 16. Rab1 c5 17. dxc5 Nd3 18. Rd1 Bxf3 19. Bxf3 Ne5 {0-1 Vachier Lagrave,M (2778)-Radjabov,T (2765) Chessable Masters GpB rapid 2020 (7)}) 14. Qc2 (14. Ng5 {feels hotter.} h6 15. Nxf7 Kxf7 16. Qc4+) 14... Bxf3 15. Bxf3 (15. d5 $11 {keeps the balance.} Bxe4 16. Nxe4 (16. Bxe4 c5 $11) 16... Qxb2 17. Qxb2 Bxb2 18. Rab1) 15... Bxd4 $17 {[%emt 0:00:13][%cal Od7e5] [#] ...Ne5! would be deadly.} 16. Na4 Qb4 {[%emt 0:00:04] Strongly threatening ...Bxe3.} 17. a3 Qd6 18. Rad1 e5 19. b4 Nc7 20. Bxd4 exd4 21. Bg2 a5 22. Nc5 (22. Bh3 {is a better defense.}) 22... Nxc5 $19 23. bxc5 Qe7 24. f4 Nb5 25. f5 Nc3 (25... Nxa3 $2 26. Qc1 Nb5 27. f6 $19) 26. Rd3 Qxc5 27. Qf2 Rd7 (27... Qxa3 28. fxg6 f5 29. exf5 (29. Rxd4 hxg6 30. Kh1 Rxd4 $11) (29. gxh7+ Kh8 $11) 29... hxg6 30. f6 $16 (30. fxg6 Rf8 $11)) 28. f6 (28. Bh3 $142 Nxe4 29. Qf4) 28... Re8 (28... Qxa3 $2 29. e5 $19) 29. Re1 Rd6 (29... Qxa3 30. Bh3 Rdd8 31. e5 $19) 30. g4 Qg5 {[%emt 0:00:38] [#] Inhibits Qh4. ...c5 is the strong threat.} 31. Rxd4 Rxf6 (31... Qxf6 $2 32. Qxf6 Rxf6 33. e5 $19) 32. Qe3 Qxe3+ (32... Qxg4 33. e5 (33. Qxc3 Qg5 $16) 33... Qc8 34. Bh3 $18 (34. Qxc3 Rfe6 $16)) 33. Rxe3 Nb5 34. Rd7 b6 $2 (34... Re5 $19 35. Rxb7 Rc5) 35. a4 $2 {[%emt 0:00:04] This costs White the game.} (35. e5 $11 {and White has nothing to worry.} Rfe6 36. a4) 35... Rd6 36. Rb7 Rd1+ 37. Kf2 Nd6 38. Rd7 Rd2+ 39. Kg1 Re5 40. Bf1 Rxe4 ({Not} 40... Nxe4 41. Rxe4 (41. Rxd2 $2 Nxd2 42. Rxe5 Nf3+ 43. Kf2 Nxe5 $19) 41... Rxe4 42. Rxd2 $17) 41. Rxd6 $2 (41. Rxe4 Nxe4 42. Rxd2 Nxd2 43. Bd3) 41... Rxg4+ {[%emt 0:00:01] Weighted Error Value: White=0.53/Black=0.23 (precise)} ({Stronger than} 41... Rxe3 42. Rxd2 Re4 43. h3 $11) 0-1

[Event "AI Cup Div-3 2023"]
[Site "Online"]
[Date "2023.09.26"]
[Round "52.1"]
[White "Durarbayli, Vasif"]
[Black "Chigaev, Maksim"]
[Result "1-0"]
[Annotator "ChessBase"]
[ECO "C84"]
[WhiteElo "2625"]
[BlackElo "2615"]
[PlyCount "63"]
[EventDate "2023.09.18"]
[EventType "k.o."]
[EventCountry "NET"]
[SourceTitle "playchess.com"]
[Source "ChessBase"]
[SourceQuality "1"]
[TimeControl "900+3"]

1. e4 e5 2. Nf3 Nc6 3. Bb5 a6 4. Ba4 Nf6 5. O-O Be7 6. d3 d6 7. c4 O-O 8. h3 Be6 9. Nc3 Nd7 10. Be3 Qe8 11. Nd5 Bd8 12. d4 exd4 13. Nxd4 Nxd4 14. Bxd4 c6 15. Ne3 b5 16. Bb3 c5 17. Bc3 b4 18. Be1 Bf6 19. Qxd6 Bxb2 20. Rd1 Be5 21. Qd3 Nb6 22. f4 Bd4 23. Bf2 Rc8 24. e5 f5 25. Nd5 Bxf2+ 26. Rxf2 Bxd5 27. cxd5 c4 28. Qd4 Qb5 29. Bc2 a5 30. e6 Rf6 31. Qe5 a4 32. d6 1-0

[Event "AI Cup Div-3 2023"]
[Site "Online"]
[Date "2023.09.26"]
[Round "52.1"]
[White "Rakhmanov, Aleksandr"]
[Black "Beerdsen, Thomas"]
[Result "1/2-1/2"]
[Annotator "ChessBase"]
[ECO "C01"]
[WhiteElo "2614"]
[BlackElo "2511"]
[PlyCount "144"]
[EventDate "2023.09.18"]
[EventType "k.o."]
[EventCountry "NET"]
[SourceTitle "playchess.com"]
[Source "ChessBase"]
[SourceQuality "1"]
[TimeControl "900+3"]

1. d4 d5 2. c4 e5 3. e3 exd4 4. exd4 Nf6 5. Nc3 Nc6 6. Be3 Bb4 7. Bd3 Be6 8. c5 Bxc5 9. dxc5 d4 10. Bd2 dxc3 11. Bxc3 Qd5 12. Ne2 O-O-O 13. Nf4 Qg5 14. Nxe6 Qxg2 15. Nxd8 Qxh1+ 16. Kd2 Qxd1+ 17. Rxd1 Rxd8 18. Kc1 Rd5 19. b4 a5 20. a3 axb4 21. axb4 h6 22. Bc4 Rf5 23. Bxf7 Rxf2 24. Be6+ Kb8 25. b5 Rf3 26. Bb2 Re3 27. Bf5 Ne7 28. Rd8+ Ka7 29. b6+ cxb6 30. cxb6+ Kxb6 31. Bc2 Kc7 32. Rd1 Ned5 33. Rg1 g5 34. Rf1 Re6 35. Bd4 Nf4 36. Kb2 N6d5 37. Bb3 Re2+ 38. Ka3 b5 39. Rc1+ Kd6 40. Rc8 Ne3 41. Rd8+ Kc7 42. Rh8 Nf5 43. Rh7+ Kc6 44. Bc3 Nd5 45. Ba5 Rxh2 46. Rh8 Nfe3 47. Rc8+ Kb7 48. Rc5 b4+ 49. Ka4 Nb6+ 50. Kb5 Nc8 51. Rc7+ Kb8 52. Be6 Rc2 53. Rh7 Nd6+ 54. Kxb4 Rb2+ 55. Kc3 Rb7 56. Rxh6 Rb5 57. Rh8+ Kb7 58. Rh7+ Ka6 59. Bd8 Rb7 60. Rh1 Kb5 61. Rb1+ Kc6 62. Rxb7 Nxb7 63. Bxg5 Nd5+ 64. Kd4 Nc7 65. Bh3 Nb5+ 66. Ke5 N7d6 67. Bg2+ Kd7 68. Bd5 Nc3 69. Bb3 Kc6 70. Be7 Nc8 71. Ba4+ Nxa4 72. Bc5 Nxc5 1/2-1/2